AoeStats
← IceFish

Nomad

510114639Analyzed
4v4 RM · 2d ago on Sep 29, 2026· 49m 32s· 8 players
Game mode
Random Map
Map size
231×231
Population
200
Speed
Normal
Resources
Standard
Victory
Conquest
Starting age
Dark Age
Ending age
Imperial Age
RankedLock teamsTeams togetherTeam positionsShared explorationLock speedFull tech treeHidden civsTurbo modeCheats
Victory
Defeat
🇨🇳 Aztecs · China
1214
+11
🇹🇼 Celts · Taiwan
1115
+15
🇨🇳 Mongols · China
1105
+15
🇹🇼 Japanese · Taiwan
1089
+45
🇮🇹 Chinese · Italy
1124
-16
🇹🇷 Goths · Türkiye
1119
-15
🇦🇷 Malians · Argentina
1065
-13
🇨🇳 Italians · China
1055
-13
Minneapolis
5:17 Loom
12:53 Feudal Age
17:40 Castle Age
17:40 Castle Age
15:41 Double-Bit Axe
15:41 Fishing Lines
18:50 Bow Saw
18:46 Gillnets
22:48 Horse Collar
23:40 Gold Mining
24:03 Redemption
24:33 Wheelbarrow
26:44 Fletching
27:34 Ballistics
29:29 Sanctity
29:20 Fervor
36:41 Imperial Age
35:11 Gold Shaft Mining
35:06 Devotion
35:47 Atonement
36:44 Herbal Medicine
37:54 Conscription
38:24 Illumination
38:16 Block Printing
40:07 Theocracy
40:31 Faith
40:35 Medium Warships
41:04 Stone Mining
44:53 Chemistry
44:00 Siege Engineers
47:00 Heresy
46:39 Elite Jaguar Warrior
47:35 Scale Mail Armor
47:45 Forging
47:17 Treadmill Crane
48:11 Garland Wars
48:57 Heavy Plow
50:23 Iron Casting
50:05 Chain Mail Armor
bbu913
5:12 Loom
16:32 Feudal Age
17:07 Double-Bit Axe
17:31 Fishing Lines
18:28 Town Watch
21:33 Castle Age
19:32 Horse Collar
19:59 Gold Mining
20:24 Stone Mining
22:40 Bow Saw
22:51 Gillnets
25:34 Scale Mail Armor
26:37 Forging
28:10 Wheelbarrow
29:52 Medium Warships
29:47 Fletching
30:40 Hand Cart
30:19 Gambesons
31:03 Stronghold
31:52 Gold Shaft Mining
31:52 Chain Mail Armor
36:20 Imperial Age
34:12 Heavy Plow
34:01 Arson
34:54 Iron Casting
34:43 Ballistics
34:37 Fortified Wall
35:37 Stone Shaft Mining
34:27 Man-at-Arms
35:05 Bodkin Arrow
35:23 Masonry
35:48 Long Swordsman
37:59 Conscription
37:08 Onager
37:10 Two-Handed Swordsman
37:41 Pikeman
39:34 Chemistry
40:43 Blast Furnace
40:14 Plate Mail Armor
40:31 Elite Woad Raider
42:20 Heavy Scorpion
43:54 Furor Celtica
43:51 Scale Barding Armor
765611984506
5:21 Loom
14:59 Feudal Age
16:23 Fishing Lines
19:36 Castle Age
18:01 Double-Bit Axe
21:05 Bow Saw
22:17 Horse Collar
26:15 Wheelbarrow
28:36 Hand Cart
29:09 Heavy Plow
32:00 Stone Mining
32:01 Gold Mining
35:34 Imperial Age
33:22 Forging
33:13 Scale Mail Armor
33:07 Treadmill Crane
33:18 Guard Tower
33:49 Ballistics
33:40 Masonry
34:40 Gold Shaft Mining
35:56 Iron Casting
35:36 Chain Mail Armor
35:44 Yasama
35:41 Elite Samurai
37:39 Blast Furnace
37:06 Conscription
37:46 Squires
37:31 Arson
38:51 Kataparuto
39:26 Plate Mail Armor
41:12 Chemistry
47:12 Keep
46:23 Arrowslits
47:20 Fletching
49:08 Hoardings
_xy_2252
2:57 Loom
13:16 Feudal Age
13:45 Town Watch
14:35 Wheelbarrow
14:32 Double-Bit Axe
18:33 Castle Age
16:29 Horse Collar
19:30 Hand Cart
19:27 Bow Saw
20:32 Stone Mining
35:53 Imperial Age
Francescosti
7:19 Loom
16:01 Feudal Age
18:02 Double-Bit Axe
18:17 Fishing Lines
20:51 Castle Age
23:33 Bow Saw
23:41 Gillnets
24:00 Fletching
24:42 Padded Archer Armor
25:23 Wheelbarrow
29:20 Bodkin Arrow
33:05 Forging
35:37 Leather Archer Armor
37:29 Squires
37:15 Arson
39:44 Iron Casting
39:09 Scale Mail Armor
40:10 Hand Cart
39:41 Town Watch
40:07 Thumb Ring
44:35 Caravan
44:50 Chain Mail Armor
Mesut Komser
3:11 Loom
14:31 Feudal Age
17:23 Double-Bit Axe
20:20 Castle Age
19:01 Horse Collar
23:55 Forging
25:06 Wheelbarrow
24:16 Man-at-Arms
25:03 Long Swordsman
26:58 Iron Casting
30:39 Squires
30:56 Town Watch
31:27 Hand Cart
33:39 Scale Mail Armor
35:07 Chain Mail Armor
38:17 Imperial Age
37:00 Bow Saw
36:51 Heavy Plow
37:13 Town Patrol
38:18 Two-Handed Swordsman
39:01 Perfusion
39:42 Ballistics
41:01 Blast Furnace
41:33 Two-Man Saw
41:04 Crop Rotation
40:27 Gold Mining
42:03 Champion
43:07 Conscription
45:45 Fletching
47:54 Bodkin Arrow
48:54 Bracer
49:57 Chemistry
Duck Rattlehead
4:28 Loom
13:22 Feudal Age
18:03 Castle Age
16:56 Double-Bit Axe
18:22 Town Watch
20:20 Fletching
23:59 Bodkin Arrow
31:06 Imperial Age
29:43 Arson
31:15 Squires
33:17 Conscription
33:59 Forging
43:56 Iron Casting
44:07 Thumb Ring
43:26 Elite Skirmisher
IceFish
6:18 Loom
17:18 Feudal Age
17:50 Double-Bit Axe
18:12 Fishing Lines
21:31 Castle Age
19:34 Horse Collar
20:13 Fletching
20:24 Padded Archer Armor
22:47 Bodkin Arrow
23:41 Medium Warships
23:44 Town Watch
23:56 Gillnets
24:28 Bow Saw
26:55 Wheelbarrow
26:39 Heavy Plow
33:23 Imperial Age
31:44 Hand Cart
31:53 Demolition Ship
32:32 Gold Mining
32:38 Stone Mining
33:36 Ballistics
33:44 Leather Archer Armor
34:12 Bracer
35:16 Chemistry
35:48 Forging
35:43 Scale Barding Armor
35:40 Light Cavalry
36:33 Bloodlines
36:24 Husbandry
36:59 Conscription
37:48 Murder Holes
39:22 Iron Casting
41:07 Hussar
Connection lost

Rejoining the realm…

Still unreachable

The connection could not be restored.

Session expired

The server has moved on; the page needs a fresh start.